 Dungeon Crawl Stone Soup version 0.26-a0-708-g17f3b190f9 (webtiles) character file.

Game seed: 3126480534567411601

5042 jiml777 the Thaumaturge (level 10, -3/51 HPs)
             Began as a Deep Elf Air Elementalist on Oct 27, 2020.
             Slain by an orc warrior
             ... wielding a +0 glaive
              (25 damage)
             ... in a bailey.
             The game lasted 01:38:24 (11373 turns).

jiml777 the Thaumaturge (DEAE)                     Turns: 11373, Time: 01:38:25

Health: -3/51      AC:  6    Str:  5    XL:     10   Next: 30%
Magic:  6/27       EV: 18    Int: 24    God:
Gold:   399        SH:  0    Dex: 15    Spells: 5/31 levels left

rFire    . . .     SeeInvis .   g - +2 short sword
rCold    + . .     Faith    .   (no shield)
rNeg     + . .     Spirit   .   q - +2 robe {rC+}
rPois    .         Reflect  .   z - +0 helmet
rElec    .         Harm     .   (no cloak)
rCorr    .         Rampage  .   (no gloves)
MR       +....                  G - +0 pair of boots
Stlth    ++........             D - amulet of regeneration
HPRegen  0.57/turn              s - ring of positive energy
MPRegen  0.20/turn              B - +4 ring of evasion

@: stab, very slightly contaminated, hasted, studying Shields, invisible, very
quick
A: no striking features
a: no special abilities


You were in a bailey.
You visited 2 branches of the dungeon, and saw 10 of its levels.
You also visited: Bailey.

You collected 623 gold pieces.
You spent 224 gold pieces at shops.

Inventory:

Hand Weapons
 f - a +0 spectral club
 g - a +2 short sword (weapon)
 p - a +0 mace of holy wrath
Missiles
 e - 128 arrows
 n - 46 poisoned darts (quivered)
 o - 4 datura-tipped darts
 w - 5 curare-tipped darts
Armour
 a - a +1 leather armour of fire resistance
 q - a +2 robe of cold resistance (worn)
 z - a +0 helmet (worn)
 G - a +0 pair of boots (worn)
Jewellery
 c - an uncursed amulet of guardian spirit
 j - a +6 ring of dexterity
 s - a ring of positive energy (left hand)
 B - a +4 ring of evasion (right hand)
 D - an amulet of regeneration (around neck)
 E - an uncursed ring of positive energy
Wands
 i - a wand of polymorph (19)
 u - a wand of iceblast (4)
 H - a wand of flame (23)
Scrolls
 m - a scroll of immolation
 r - 3 scrolls of remove curse
 y - a scroll of teleportation
Potions
 b - 2 potions of haste
 d - a potion of might
 h - a potion of cancellation
 k - 3 potions of flight
 l - 2 potions of stabbing
 t - a potion of resistance
 v - a potion of lignification
 A - 5 potions of curing
 C - a potion of mutation
 F - 2 potions of heal wounds
 I - a potion of experience {unknown}
Books
 x - a manual of Shields


   Skills:
 - Level 0.3 Fighting
 - Level 0.2 Short Blades
 - Level 1.3 Armour
 - Level 3.7 Dodging
 - Level 3.6 Stealth
 * Level 3.3 Shields
 + Level 11.0 Spellcasting
 * Level 6.1 Conjurations
 * Level 3.7 Hexes
 * Level 2.7 Necromancy
 * Level 3.0 Translocations
 * Level 3.0 Fire Magic
 + Level 8.9 Air Magic
 - Level 2.2 Evocations


You had 5 spell levels left.
You knew the following spells:

 Your Spells              Type           Power        Failure   Level
a - Shock                 Conj/Air       ####         1%          1
b - Swiftness             Air            ######..     1%          2
c - Static Discharge      Conj/Air       #####...     1%          3
d - Airstrike             Air            ######....   1%          4
e - Lightning Bolt        Conj/Air       #####.....   6%          5
f - Slow                  Hex            ####....     1%          2
g - Inner Flame           Hex/Fire       ####....     3%          3
h - Portal Projectile     Hex/Tloc       ####..       3%          3
i - Vampiric Draining     Necr           ####......   4%          3

Your spell library contained the following spells:

 Spells                   Type           Power        Failure   Level
 Animate Skeleton         Necr           ####..       1%          1
 Corona                   Hex            ####...      1%          1
 Magic Dart               Conj           ####         1%          1
 Pain                     Necr           ####         1%          1
 Blink                    Tloc           N/A          1%          2
 Mephitic Cloud           Conj/Pois/Air  #####...     1%          3
 Conjure Flame            Conj/Fire      #####...     2%          3
 Beastly Appendage        Tmut           ##....       4%          1
 Call Imp                 Summ           ##......     7%          2
 Wereblood                Tmut           ##......     7%          2
 Cause Fear               Hex            ####......   10%         4
 Spider Form              Tmut/Pois      ##........   14%         3
 Animate Dead             Necr           ####......   16%         4
 Leda's Liquefaction      Hex/Erth       ###.......   22%         4
 Agony                    Necr           ####....     41%         5
 Ice Form                 Ice/Tmut       ##......     43%         4
 Blade Hands              Tmut           ##........   78%         5


Dungeon Overview and Level Annotations

Branches:
Dungeon (9/15)             Temple (1/1) D:5            Lair (0/6) D:8
 Bailey (1/1)
    Orc: D:9-12

Altars:
Ashenzari
Cheibriados
Dithmenos
Elyvilon
Fedhas
Gozag
Hepliaklqana
Kikubaaqudgha
Makhleb
Nemelex Xobeh
Okawaru
Qazlal
Ru
Trog
Uskayaw
Vehumet
Wu Jian
Xom
Yredelemnul
The Shining One

Shops:
D:6 !


Message History

The orc knight closely misses you.
The orc knight no longer looks unusually strong.
The orc knight no longer looks unusually strong. x2
The orc knight no longer looks unusually strong.
The orc knight roars a battlecry!
The orc knights go into a battle-frenzy!
There is an open door here.
Items here: ( ))) [[ ††.
The orc misses you.
The orc shouts! x2
The orc hits you with a +0 hand axe.
The orc shouts!
There is an open door here.
Things that are here:
a +0 war axe; an orc skeleton An orc warrior comes into view.
It is wielding a +0 glaive.
The orc shouts! x2
The orc shouts!
The orc warrior hits you with a +0 glaive!!
You die...

##### ####### ###### ....##
##..)..#########.....#
o....######...)...#.....#.......
.....#....#.......'.....'...)...
o.o..)....ooo.))@o'.....'...)...
.))..#...o#...).).'.....'o..)...
.....######.......#.....#o......
....## ##.....#########.....#
##### ####### ######


You could see an orc warrior (wandering) and 4 orcs.

Vanquished Creatures
  An orc knight (Bailey)
  5 yaks (D:9)
  A sky beast (D:8)
  6 orc warriors
  A necrophage (D:6)
  7 ogres
  A black bear (D:7)
  A centaur (D:8)
  4 bullfrogs
  A wyvern skeleton (D:8)
  A scorpion (D:6)
  4 killer bees (D:7)
  5 wights (D:8)
  2 howler monkeys (D:5)
  2 centaur zombies
  A crimson imp (D:3)
  A quasit (D:7)
  3 hounds
  3 jellies
  2 bullfrog zombies
  6 orc priests
  2 bullfrog skeletons
  14 orc wizards
  A gnoll shaman (D:5)
  Ijyb (D:3)
  Jessica (D:3)
  3 worker ants
  A hound zombie (D:6)
  A hound skeleton (D:6)
  4 gnolls
  13 adders
  3 shadow imps
  4 white imps
  An ufetubus (D:8)
  3 oozes
  2 adder zombies (D:5)
  2 adder skeletons
  2 worms (D:2)
  A dart slug (D:3)
  5 leopard geckos
  51 orcs
  3 ball pythons
  7 bats
  8 giant cockroaches
  8 goblins
  4 hobgoblins
  6 jackals
  A quokka (D:8)
  9 frilled lizards
  A giant cockroach zombie (D:6)
  A jackal zombie (D:8)
  9 kobolds
  A quokka zombie (D:7)
  4 rats
235 creatures vanquished.

Notes
Turn   | Place    | Note
-------+----------+-------------------------------------------
     0 | D:1      | jiml777 the Deep Elf Air Elementalist began the quest for
                  | the Orb.
     0 | D:1      | Reached XP level 1. HP: 10/10 MP: 6/6
   193 | D:1      | Reached XP level 2. HP: 15/15 MP: 6/8
   892 | D:2      | Reached XP level 3. HP: 19/19 MP: 5/9
  1792 | D:2      | Reached XP level 4. HP: 24/24 MP: 6/11
  1834 | D:2      | Learned a level 2 spell: Swiftness
  1838 | D:2      | Learned a level 3 spell: Static Discharge
  1843 | D:2      | Learned a level 4 spell: Airstrike
  2006 | D:3      | Reached skill level 4 in Spellcasting
  2099 | D:3      | Noticed Jessica
  2105 | D:3      | Killed Jessica
  2266 | D:3      | Noticed Ijyb
  2285 | D:3      | Killed Ijyb
  2285 | D:3      | Reached XP level 5. HP: 22/28 MP: 2/13
  2500 | D:3      | Reached skill level 5 in Spellcasting
  2753 | D:3      | Found an iron altar of Okawaru.
  2833 | D:3      | Found a hazy altar of Hepliaklqana.
  2833 | D:3      | Found a stormy altar of Qazlal.
  2833 | D:3      | Found an opulent altar of Gozag.
  3170 | D:3      | Found a radiant altar of Vehumet.
  3171 | D:3      | Found a burning altar of Makhleb.
  3173 | D:3      | Reached XP level 6. HP: 32/32 MP: 13/15
  3516 | D:4      | Found a bloodstained altar of Trog.
  3611 | D:4      | Reached skill level 6 in Spellcasting
  3872 | D:5      | Entered Level 5 of the Dungeon
  3998 | D:5      | Reached skill level 1 in Evocations
  4264 | D:5      | Reached XP level 7. HP: 31/36 MP: 9/18
  4500 | D:5      | Reached skill level 1 in Armour
  4747 | D:5      | Reached skill level 5 in Air Magic
  4841 | D:5      | Reached skill level 7 in Spellcasting
  4841 | D:5      | Reached skill level 5 in Conjurations
  5021 | D:5      | Reached XP level 8. HP: 42/42 MP: 17/20
  5252 | D:5      | Found a staircase to the Ecumenical Temple.
  5277 | Temple   | Entered the Ecumenical Temple
  5575 | D:6      | Found Xyris's Distillery.
  5580 | D:6      | Bought a potion of flight for 42 gold pieces
  5580 | D:6      | Bought a potion of resistance for 140 gold pieces
  5580 | D:6      | Bought a potion of lignification for 42 gold pieces
  6050 | D:6      | Reached skill level 8 in Spellcasting
  6692 | D:6      | Reached skill level 9 in Spellcasting
  7702 | D:7      | Reached XP level 9. HP: 46/46 MP: 11/24
  7709 | D:7      | Learned a level 5 spell: Lightning Bolt
  8169 | D:7      | Learned a level 2 spell: Slow
  8173 | D:7      | Learned a level 3 spell: Inner Flame
  8177 | D:7      | Learned a level 3 spell: Portal Projectile
  8594 | D:7      | Reached skill level 1 in Shields
  8594 | D:7      | Reached skill level 10 in Spellcasting
  8594 | D:7      | Reached skill level 1 in Hexes
  8987 | D:7      | Reached skill level 1 in Translocations
  8987 | D:7      | Reached skill level 1 in Fire Magic
  9219 | D:8      | Found a staircase to the Lair.
  9538 | D:8      | Learned a level 3 spell: Vampiric Draining
  9720 | D:8      | Reached skill level 1 in Necromancy
 10194 | D:8      | Found a hide-covered altar of Uskayaw.
 10649 | D:9      | Found a shadowy altar of Dithmenos.
 10713 | D:9      | Reached XP level 10. HP: 51/51 MP: 0/26
 10863 | D:9      | Found a flagged portal.
 10872 | Bailey   | Entered a bailey
 11302 | Bailey   | Noticed an orc knight
 11302 | Bailey   | Noticed an orc knight
 11302 | Bailey   | Noticed an orc knight
 11304 | Bailey   | Noticed an orc knight
 11325 | Bailey   | Noticed an orc knight
 11337 | Bailey   | Killed an orc knight
 11337 | Bailey   | Reached skill level 11 in Spellcasting
 11373 | Bailey   | Slain by an orc warrior

Illustrated notes

Levels and vault maps discovered:
D:1:      dpeg_arrival_rooms_c, layout_rooms, serial_corexii_hall,
          chequers_hall_statues_corner_a, chequers_hall_statues_y,
          minmay_hexomino_p4
D:2:      layout_basic
D:3:      layout_loops_ring, grunt_temple_overflow_lords_of_destruction,
          overflow_temple_1_default, chequers_temple_overflow_statue_of_worship,
          minmay_box_of_dots, uniq_jessica, uniq_ijyb
D:4:      layout_gridville, kennysheep_mini, grunt_ministairs_14
D:5:      layout_rooms, temple_doors_cd, hangedman_decor_diamond_cutter
D:6:      layout_gridville, serial_shops, shop, minmay_manual_moon
D:7:      layout_basic, kennysheep_small_circle
D:8:      layout_loops_corners, overflow_temple_1_default, lair_entry_dummy
D:9:      layout_basic, overflow_temple_1_default, zin_purify,
          old_standard_altar, special_room [special_room_orc], enter_bailey_3,
          abandoned_shop
Temple:   jpeg_temple_clearing
Bailey:   bailey_polearm_5, bailey

Skill      XL: |  1  2  3  4  5  6  7  8  9 10 |
---------------+-------------------------------+-----
Conjurations   | 2 3 5 6 |  6.1
Stealth        | 3 |  3.6
Spellcasting   | 4 5 6 7 9 10 11 | 11.0
Air Magic      | 4 5 7 8 |  8.9
Evocations     | 1 2 |  2.2
Dodging        | 3 |  3.7
Armour         | 1 |  1.3
Shields        | 2 3 |  3.3
Hexes          | 3 |  3.7
Translocations | 2 3 |  3.0
Fire Magic     | 2 3 |  3.0
Necromancy     | 1 2 |  2.7
Fighting       | |  0.3
Short Blades   | |  0.2

Action                   |  1- 3 |  4- 6 |  7- 9 | 10-12 || total
-------------------------+-------+-------+-------+-------++-------
Melee: Short sword       |       |     3 |    24 |     4 ||    31
Throw: Dart              |       |       |       |     1 ||     1
 Cast: Shock             |    74 |   116 |    93 |    13 ||   296
       Airstrike         |       |       |   111 |    12 ||   123
       Lightning Bolt    |       |       |     7 |     2 ||     9
       Inner Flame       |       |       |       |     7 ||     7
       Swiftness         |       |       |       |     2 ||     2
Evoke: Wand              |       |     1 |       |       ||     1
  Use: Scroll            |     6 |     8 |     4 |       ||    18
       Potion            |       |     4 |     1 |     4 ||     9
 Stab: Invisible         |       |       |     4 |       ||     4
Armor: Robe              |     1 |     7 |    14 |     3 ||    25
       Leather armour    |       |     2 |       |       ||     2
Dodge: Dodged            |    10 |    20 |    78 |    41 ||   149

Table legend: (Time is in decaauts)
 A = Elapsed time spent in this place.
 B = Non-inter-level travel time spent in this place.
 C = Inter-level travel time spent in this place.
 D = Time resting spent in this place.
 E = Time spent auto-exploring this place.
 F = Levels seen in this place.
 G = Mean time per level.
                   A        B        C        D        E       F      G
               +--------+--------+--------+--------+--------+-----+--------+
         Total |  11362 |  11261 |    101 |   4943 |   3730 |  11 | 1032.9 |
       Dungeon |  10780 |  10679 |    101 |   4727 |   3652 |   9 | 1197.8 |
        Temple |     92 |     92 |      0 |      0 |     78 |   1 |   92.0 |
        Bailey |    490 |    490 |      0 |    216 |      0 |   1 |  490.0 |
               +--------+--------+--------+--------+--------+-----+--------+

Top non-repeatable levels by time:
     D:6: 1843 daAuts
     D:5: 1615 daAuts
     D:7: 1589 daAuts
     D:8: 1323 daAuts
     D:3: 1245 daAuts
     D:2: 1130 daAuts
     D:4: 857 daAuts
     D:1: 836 daAuts
  Bailey: 490 daAuts
     D:9: 339 daAuts
  Temple: 92 daAuts
